 Dungeon Crawl Stone Soup version 0.29-a0-330-g52719c12eb (webtiles) character file.

Game seed: 16817400011820991294

44 tilp the Magician (level 3, -6/29 HPs)
             Began as a Draconian Hedge Wizard on May 23, 2022.
             Was an Initiate of Sif Muna.
             Killed from afar by an orc wizard (8 damage)
             ... with a puff of flame
             ... on level 3 of the Dungeon.
             The game lasted 00:02:57 (2563 turns).

tilp the Magician (Draconian Hedge Wizard)          Turns: 2563, Time: 00:02:58

Health: -6/29      AC:  8    Str: 12    XL:     3   Next: 41%
Magic:  3/7        EV: 12    Int: 16    God:    Sif Muna [......]
Gold:   107        SH:  0    Dex: 10    Spells: 4/8 levels left

rFire   . . .      SeeInvis .   b - +1 hunting sling
rCold   . . .      Faith    .   (no shield)
rNeg    . . .      Spirit   .   (body armour unavailable)
rPois   .          Reflect  .   d - +0 hat
rElec   .          Harm     .   (no cloak)
rCorr   .          Rampage  .   i - +2 pair of gloves
Will    .....                   (no boots)
Stlth   +.........              (no amulet)
HPRegen 0.09/turn               (no ring)
MPRegen 0.10/turn               (no ring)

@: confused, mighty
A: AC +5, unfitting armour, cold-blooded
a: Renounce Religion


You were on level 3 of the Dungeon.
You worshipped Sif Muna.
Sif Muna was noncommittal.
You visited 1 branch of the dungeon, and saw 3 of its levels.

You collected 107 gold pieces.

Inventory:

Hand Weapons
 a - a +0 dagger
 b - a +1 hunting sling (weapon)
Missiles
 f - 86 stones
 j - 6 boomerangs
Armour
 d - a +0 hat (worn)
 i - a +2 pair of gloves (worn)
Magical Staves
 e - a staff of earth
Jewellery
 g - an amulet of guardian spirit
Scrolls
 h - a scroll of magic mapping {unknown}
Potions
 c - a potion of magic
 p - 2 potions of brilliance


   Skills:
 * Level 2.2 Fighting
 - Level 2.0 Dodging
 - Level 2.0 Stealth
 - Level 3.0 Spellcasting
 + Level 1.7 Conjurations
 - Level 1.0 Hexes
 - Level 1.0 Summonings
 - Level 1.0 Translocations


You had 4 spell levels left.
You knew the following spells:

 Your Spells              Type           Power      Damage    Failure   Level
a - Magic Dart            Conj           28%        1d4       10%         1
b - Slow                  Hex            20%        N/A       12%         1
c - Blink                 Tloc           10%        N/A       19%         2

Your spell library contained the following spells:

 Spells                   Type           Power      Damage    Failure   Level
 Animate Skeleton         Necr           4%         N/A       19%         1
 Pain                     Necr           8%         1d4       19%         1
 Call Imp                 Summ           5%         N/A       19%         2
 Conjure Flame            Conj/Fire      5%         6-21      36%         3
 Mephitic Cloud           Conj/Pois/Air  4%         N/A       41%         3
 Vampiric Draining        Necr           2%         2d6       50%         3
 Animate Dead             Necr           1%         N/A       88%         4
 Haunt                    Necr/Summ      2%         N/A       100%        7
 Infestation              Necr           1%         N/A       100%        8


Dungeon Overview and Level Annotations

Branches:
Dungeon (3/15)

Altars:
Sif Muna


Innate Abilities, Weirdness & Mutations

Your plain brown scales are hard. (AC +5)
You cannot fit into any form of body armour.
You are cold-blooded and may be slowed by cold attacks.


Message History

Press: ? - help, Q - select action, (/) - cycle Shift-Dir - straight line, f/p - quokka
Aim: a quokka (moderately wounded, 41% to hit)
You shoot a sling bullet.
The sling bullet closely misses the quokka.
You hear some strange, mumbled words.
A magic dart appears from out of thin air!
The magic dart hits you but does no damage.
Something hits you but does no damage.
Fire: b) +1 hunting sling
Press: ? - help, Q - select action, (/) - cycle Shift-Dir - straight line, f/p - quokka
Aim: a quokka (moderately wounded, 41% to hit)
You shoot a sling bullet.
The sling bullet barely misses the quokka.
You hear some strange, mumbled words.
A magic dart appears from out of thin air!
The magic dart hits you but does no damage.
Okay, then.
Fire: b) +1 hunting sling
Press: ? - help, Q - select action, (/) - cycle Shift-Dir - straight line, f/p - quokka
Aim: a quokka (moderately wounded, 41% to hit)
You shoot a sling bullet.
The sling bullet completely misses the quokka.
Something hits you but does no damage. Something completely misses you.
Fire: b) +1 hunting sling
Press: ? - help, Q - select action, (/) - cycle Shift-Dir - straight line, f/p - quokka
Aim: a quokka (moderately wounded, 41% to hit)
You shoot a sling bullet.
The sling bullet hits the quokka but does no damage.
The quokka is moderately wounded.
You float gracefully downwards.
You hear some strange, mumbled words.
You are confused.
Non-targeted confused fire: b) +1 hunting sling
Press: ? - help, Q - select action, (/) - cycle Dir - look around, f - activate You shoot a sling bullet.
Something hits you but does no damage.
You hear some strange, mumbled words.
A puff of flame appears from out of thin air!
The puff of flame hits you!
You die...

....# .######.## #....
#.## #.#.# #.## #.#.#
..##
#.######.#.############
#......>...............
#####.#################
#...#r# #..#@{#
#..###..# #..# #..#
#..# #..# #.# #.# #. .#
#


You could see a quokka.

Vanquished Creatures
  An adder (D:2)
  A worm (D:2)
  2 dart slugs
  An orc (D:3)
  2 endoplasms
  2 giant cockroaches
  4 hobgoblins
  2 jackals (D:1)
  A quokka (D:1)
  2 ball pythons (D:1)
  2 bats (D:1)
  A frilled lizard (D:1)
  4 kobolds
  3 rats
28 creatures vanquished.

Notes
Turn   | Place    | Note
-------+----------+-------------------------------------------
     0 | D:1      | tilp the Draconian Hedge Wizard began the quest for the
                  | Orb.
     0 | D:1      | Reached XP level 1. HP: 14/14 MP: 4/4
     2 | D:1      | Learned a level 1 spell: Slow
   291 | D:1      | Reached XP level 2. HP: 18/22 MP: 6/6
   359 | D:1      | Learned a level 2 spell: Blink
   431 | D:1      | Reached skill level 1 in Fighting
   686 | D:1      | Found a faded altar of an unknown god.
  1413 | D:2      | Reached skill level 1 in Hexes
  1413 | D:2      | Reached XP level 3. HP: 17/29 MP: 5/7
  2248 | D:3      | Found a shimmering blue altar of Sif Muna.
  2254 | D:3      | Became a worshipper of Sif Muna the Loreminder
  2558 | D:3      | HP: 1/29 [something (3)]
  2563 | D:3      | Killed from afar by an orc wizard

Illustrated notes

Levels and vault maps discovered:
D:1:      ebering_hopf_link, layout_basic, hellmonk_ecumenical_altar_crossroads
D:2:      layout_loops_ring
D:3:      minmay_diamond_boxcup, layout_basic, old_standard_altar,
          minmay_misc_feat_five

Skill      XL: |  1  2 |
---------------+-------+-----
Dodging        | 2 |  2.0
Fighting       | 2 |  2.2
Stealth        | 2 |  2.0
Hexes          | 1 |  1.0
Spellcasting   | |  3.0
Conjurations   | |  1.7
Summonings     | |  1.0
Translocations | |  1.0

Action                   || total
-------------------------++-------
Melee: Dagger            ||    17
       Tailslap          ||     2
 Fire: Hunting sling     ||   102
 Cast: Magic Dart        ||     8
  Use: Scroll            ||     5
       Potion            ||     2
Armor: Skin              ||    33
Dodge: Dodged            ||    37

Table legend: (Time is in decaauts)
 A = Elapsed time spent in this place.
 B = Non-inter-level travel time spent in this place.
 C = Inter-level travel time spent in this place.
 D = Time resting spent in this place.
 E = Time spent auto-exploring this place.
 F = Levels seen in this place.
 G = Mean time per level.
                   A        B        C        D        E       F      G
               +--------+--------+--------+--------+--------+-----+--------+
         Total |   2609 |   2495 |    114 |    305 |   1893 |   3 |  869.7 |
       Dungeon |   2609 |   2495 |    114 |    305 |   1893 |   3 |  869.7 |
               +--------+--------+--------+--------+--------+-----+--------+

Top non-repeatable levels by time:
     D:2: 1121 daAuts
     D:1: 1068 daAuts
     D:3: 419 daAuts
